Map: Ephemeron LE

Players

Khun (Ranger) - Winner!

  • Race: Protoss Protoss
  • Spawn Location: 5:00

Lukman

  • Race: Terran Terran
  • Spawn Location: 11:00

Event: SEA Games 2019

VOD

https://youtu.be/RJg3kNhy7Io

Description

Time

  • Played on: Dec. 5, 2019, 1:25 a.m.
  • Length: 6:08

All games in this series

Show
View Real Time Build Order
Export as new Build Order

Khun Protoss - Winner!

Build Orders: 1 Gate Expand, Dark Templar Rush 

Get SALT Encoding   

  12  0:00  Probe  
  13  0:12  Probe  
  14  0:17  Pylon  
  14  0:24  Probe (Chrono Boost)  
  15  0:36  Probe (Chrono Boost)  
  15  0:39  Gateway  
  16  0:43  Probe (Chrono Boost)  
  17  0:50  Assimilator  
  17  0:58  Probe  
  18  1:10  Probe  
  19  1:22  Probe  
  20  1:27  Nexus  
  20  1:37  Cybernetics Core  
  20  1:42  Assimilator  
  20  1:44  Probe  
  21  1:51  Pylon  
  21  1:57  Probe  
  22  2:04  Pylon  
  21  2:09  Probe  
  21  2:10  Adept (Chrono Boost)  
  21  2:14  Warp Gate  
  24  2:21  Probe  
  25  2:35  Twilight Council, Adept  
  27  2:43  Probe (Chrono Boost)  
  28  2:44  Probe (Chrono Boost)  
  29  2:55  Probe (Chrono Boost)  
  29  2:57  Probe (Chrono Boost), Robotics Facility  
  31  3:00  Probe (Chrono Boost)  
  31  3:05  Probe  
  33  3:15  Probe  
  34  3:21  Dark Shrine  
  34  3:24  Probe, Gateway  
  35  3:28  Adept  
  35  3:32  Pylon  
  38  3:41  Gateway  
  38  3:46  Warp Prism (Chrono Boost)  
  37  3:53  Shield Battery  
  40  3:55  Probe  
  40  3:59  Probe  
  41  4:03  Shield Battery  
  41  4:07  Probe  
  41  4:09  Sentry  
  44  4:11  Probe  
  44  4:14  Pylon  
  45  4:21  Observer  
  45  4:23  Assimilator  
  47  4:25  Assimilator  
  47  4:29  Probe (Chrono Boost)  
  47  4:32  Probe (Chrono Boost)  
  47  4:34  Pylon  
  48  4:41  Probe (Chrono Boost)  
  48  4:44  Probe (Chrono Boost)  
  50  4:47  Probe (Chrono Boost)  
  50  4:48  Probe (Chrono Boost)  
  52  4:54  Dark Templar  
  54  5:05  Dark Templar  
  54  5:18  Immortal  
  58  5:22  Gateway  
  58  5:24  Gateway  
  58  5:25  Gateway  
  54  5:29  Pylon  
  52  5:44  Dark Templar  
  52  5:45  Dark Templar  
  52  5:48  Nexus  
  52  5:49  Pylon  
  56  5:50  Probe (Chrono Boost)  
  57  5:59  Probe (Chrono Boost)  
  57  6:02  Sentry  
  61  6:05  Pylon  
Show
View Real Time Build Order
Export as new Build Order

Lukman Terran 

Build Orders: Reaper Expand 

Get SALT Encoding   

  12  0:00  SCV  
  13  0:13  SCV  
  14  0:17  Supply Depot  
  14  0:25  SCV  
  15  0:39  SCV  
  15  0:40  Barracks  
  16  0:44  Refinery  
  16  0:51  SCV  
  17  1:03  SCV  
  18  1:16  SCV  
  19  1:28  Orbital Command  
  19  1:29  Reaper  
  20  1:48  Command Center  
  20  1:55  SCV  
  21  2:07  SCV  
  22  2:09  Barracks Reactor  
  22  2:10  Barracks  
  22  2:17  Supply Depot  
  22  2:23  Refinery  
  22  2:24  SCV  
  23  2:36  Factory  
  23  2:39  SCV  
  24  2:46  Marine x2  
  26  2:51  SCV  
  26  2:57  Barracks Tech Lab  
  27  3:04  Orbital Command  
  27  3:08  Marine  
  27  3:12  Marine  
  29  3:15  SCV  
  30  3:25  Stimpack  
  29  3:27  SCV  
  30  3:35  Starport  
  30  3:36  Factory Reactor  
  30  3:39  SCV  
  31  3:42  Marine  
  31  3:43  Marine  
  31  3:47  Marine  
  34  3:49  SCV  
  34  3:55  SCV  
  36  4:00  Marine  
  36  4:01  Marine, Supply Depot  
  38  4:06  Marauder  
  38  4:09  SCV x2  
  42  4:18  Medivac, Marine  
  42  4:21  SCV  
  42  4:23  Medivac, Marine  
  49  4:24  Supply Depot  
  49  4:27  Marauder  
  49  4:29  SCV  
  52  4:33  SCV  
  52  4:35  Engineering Bay  
  53  4:41  SCV  
  54  4:45  Marine x2  
  54  4:46  SCV  
  54  4:48  Bunker, Supply Depot  
  54  4:51  Marauder  
  55  5:11  Missile Turret  
  49  5:31  SCV  
  49  5:32  Medivac x2, SCV  
  49  5:33  Marine x2  
  57  5:42  Missile Turret  
  54  5:43  SCV  
  54  5:44  SCV  
  56  5:53  Missile Turret  
  56  5:56  SCV x2  
Tags
 
Add a new tag
Caveats
  • Supply blocks, unpowered buildings, or Contaminate may cause inaccurate times.
  • Supply counts are checked every 10 seconds.